 Dungeon Crawl Stone Soup version 0.20.0-15-g7f486f2 (webtiles) character file.

1410 Naow the Cleaver (level 9, -2/64 HPs)
             Began as a Formicid Fighter on June 14, 2017.
             Slain by an orc warrior
             ... wielding a +0 halberd
              (13 damage)
             ... on level 7 of the Dungeon.
             The game lasted 00:09:50 (7415 turns).

Naow the Cleaver (Formicid Fighter)                 Turns: 7415, Time: 00:09:50

Health: -2/64      AC: 10    Str: 25    XL:     9   Next: 1%
Magic:  9/9        EV:  9    Int:  7    God:
Gold:   333        SH: 11    Dex: 10    Spells: 8/8 levels left

rFire    . . .     SeeInvis +   a - +0 war axe
rCold    . . .     Gourm    +   c - +0 shield
rNeg     . . .     Faith    .   b - +0 scale mail
rPois    .         Spirit   .   (helmet unavailable)
rElec    .         Reflect  .   (no cloak)
rCorr    +         Harm     .   o - +2 pair of gloves
MR       .....                  (no boots)
Stlth    ..........             e - amulet of the gourmand
Regen    0.2/turn               d - ring of resist corrosion
MPRegen  0.2/turn               w - ring of see invisible

@: very slightly contaminated, invisible
A: permanent stasis, dig shafts and tunnels, four strong arms, antennae 3
a: Dig, Shaft Self


You were on level 7 of the Dungeon.
You were very full.

You visited 1 branch of the dungeon, and saw 8 of its levels.

You collected 333 gold pieces.

Inventory:

Hand Weapons
 a - a +0 war axe (weapon)
Armour
 b - a +0 scale mail (worn)
 c - a +0 shield (worn)
 o - a +2 pair of gloves (worn)
Jewellery
 d - a ring of resist corrosion (left hand)
 e - an amulet of the gourmand (around neck)
 w - a ring of see invisible (right hand)
Wands
 z - a wand of confusion (30/48)
 C - a wand of polymorph (11/24)
Scrolls
 g - 2 scrolls of enchant weapon {unknown}
 h - a scroll of remove curse {unknown}
 k - 2 scrolls of identify
 l - 4 scrolls of blinking {unknown}
 m - 3 scrolls of enchant armour {unknown}
 q - 2 scrolls of amnesia {unknown}
 u - 4 scrolls of recharging {unknown}
 y - 2 scrolls of random uselessness {unknown}
 G - a scroll of brand weapon {unknown}
Potions
 i - 3 potions of degeneration
 j - a potion of lignification
 n - 3 potions of curing
 t - 2 potions of haste
 x - a potion of invisibility
 A - 2 potions of mutation
 B - 3 potions of brilliance
 D - 2 potions of flight
 H - a potion of magic {unknown}
Books
 F - a book of Minor Magic

   Spells                             Type                      Level
   a - Magic Dart                     Conjuration                  1
   b - Blink                          Translocation                2
   c - Call Imp                       Summoning                    2
   d - Slow                           Hexes                        2
   e - Conjure Flame                  Conjuration/Fire             3
   f - Mephitic Cloud                 Conjuration/Poison/Air       3
Comestibles
 f - 3 bread rations
 p - 4 fruits
 r - 2 royal jellies
 s - a meat ration


   Skills:
 - Level 3.2 Fighting
 * Level 8.9 Axes
 - Level 3.2 Armour
 + Level 7.8 Shields


You had 8 spell levels left.
You didn't know any spells.

Dungeon Overview and Level Annotations

Branches:
Dungeon (8/15)
 Temple: D:4-7         Lair: D:8-11

Altars:
Ashenzari
Dithmenos
Elyvilon
Hepliaklqana
Kikubaaqudgha
Makhleb
Uskayaw
Vehumet

Annotations:
D:6 Gargoyl's ghost, novice DrAK
D:8 Serafim's ghost, novice VSTm


Innate Abilities, Weirdness & Mutations

You cannot be hasted, slowed, berserked, paralysed or teleported.
You can dig through walls and to a lower floor.
Your four strong arms can wield two-handed weapons with a shield.
You have a pair of large antennae on your head. (SInv)


Message History

The orc warrior is healed somewhat.
You block the orc warrior's attack.
You barely miss the orc priest. You hit the orc warrior.
The orc priest calls down the wrath of Beogh upon you.
You struggle to resist.
The orc warrior hits you from afar with a halberd!
* * * LOW HITPOINT WARNING * * *
The orc priest closely misses you.
You fade into invisibility!
You block the orc warrior's attack. x2; The orc priest barely misses you.
You are very lightly contaminated with residual magic.
You slash the orc warrior!
You kill the orc warrior!
You have reached level 9!
Your experience leads to an increase in your attributes!
Increase (S)trength, (I)ntelligence, or (D)exterity?
You feel stronger.
You catch the helpless orc priest completely off-guard!
You slash the orc priest!
The orc warrior hits you from afar with a halberd!
You die...

# #{
..###o###########
.....o)@o.......#
..#.#.#)####.####
# #.# #.# #.# #.#
#.# #.# #.# #.#
#.# #.# #.# #.#
#.# #.#


You could see an orc warrior and 2 orc priests.

Vanquished Creatures
  Duvessa (D:4)
  An orc warrior (D:7)
  An ogre (D:6)
  3 bullfrogs (D:6)
  Dowan (D:4)
  A crimson imp (D:5)
  2 bullfrog zombies
  4 hounds
  A jelly (D:6)
  An iguana (D:6)
  3 orc priests
  An orc wizard (D:7)
  A bullfrog skeleton (D:6)
  Jessica (D:3)
  Terence (D:2)
  3 worker ants
  A hound zombie (D:5)
  A worker ant zombie (D:5)
  8 adders
  12 gnolls
  A shadow imp (D:6)
  An ooze (D:3)
  An adder skeleton (D:5)
  2 worms (D:2)
  3 leopard geckos
  15 orcs
  A ball python (D:4)
  4 bats
  3 giant cockroaches
  8 goblins
  8 hobgoblins
  3 jackals (D:4)
  A quokka (D:5)
  3 frilled lizards
  4 kobolds
  12 rats
118 creatures vanquished.

Vanquished Creatures (others)
  An orc wizard (D:5)
1 creature vanquished.

Grand Total: 119 creatures vanquished

Notes
Turn   | Place    | Note
-------+----------+-------------------------------------------
     0 | D:1      | Naow the Formicid Fighter began the quest for the Orb.
     0 | D:1      | Reached XP level 1. HP: 18/18 MP: 1/1
   112 | D:1      | Reached XP level 2. HP: 22/24 MP: 2/2
   761 | D:2      | Noticed Terence
   765 | D:2      | Reached XP level 3. HP: 29/29 MP: 3/3
   775 | D:2      | Killed Terence
   775 | D:2      | Reached skill level 3 in Axes
   926 | D:2      | Reached XP level 4. HP: 35/35 MP: 4/4
  1093 | D:2      | Found a radiant altar of Vehumet.
  1192 | D:2      | Reached skill level 4 in Axes
  1431 | D:3      | Reached XP level 5. HP: 41/41 MP: 5/5
  1481 | D:3      | Noticed Jessica
  1838 | D:3      | Killed Jessica
  1863 | D:3      | Found a hide-covered altar of Uskayaw.
  1963 | D:3      | Found a shadowy altar of Dithmenos.
  2221 | D:3      | Reached skill level 5 in Axes
  2221 | D:3      | Reached skill level 5 in Shields
  2221 | D:3      | Reached XP level 6. HP: 43/47 MP: 6/6
  3242 | D:4      | Found a shattered altar of Ashenzari.
  3323 | D:4      | Noticed Duvessa
  3323 | D:4      | Noticed Dowan
  3342 | D:4      | Killed Duvessa
  3342 | D:4      | Reached skill level 6 in Axes
  3342 | D:4      | Reached XP level 7. HP: 22/52 MP: 7/7
  3787 | D:4      | Killed Dowan
  3867 | D:4      | Found an ancient bone altar of Kikubaaqudgha.
  4179 | D:5      | Entered Level 5 of the Dungeon
  4838 | D:5      | Reached skill level 7 in Axes
  4918 | D:5      | Found a hazy altar of Hepliaklqana.
  5106 | D:5      | Reached XP level 8. HP: 58/58 MP: 8/8
  5474 | D:6      | Noticed Gargoyl's ghost (novice DrAK)
  6546 | D:5      | Reached skill level 8 in Axes
  6840 | D:6      | Found a burning altar of Makhleb.
  7045 | D:6      | Found a white marble altar of Elyvilon.
  7390 | D:8      | Noticed Serafim's ghost (novice VSTm)
  7415 | D:7      | Reached XP level 9. HP: 11/64 MP: 9/9
  7415 | D:7      | Slain by an orc warrior

Skill      XL: |  1  2  3  4  5  6  7  8 |
---------------+-------------------------+-----
Shields        | 4 5 6 7 |  7.8
Axes           | 3 4 5 6 7 8 |  8.9
Fighting       | |  3.2
Armour         | |  3.2

Action                   |  1- 3 |  4- 6 |  7- 9 || total
-------------------------+-------+-------+-------++-------
Melee: War axe           |    60 |   166 |   283 ||   509
  Use: Potion            |       |     1 |     5 ||     6
       Scroll            |       |       |    10 ||    10
 Stab: Invisible         |       |       |     1 ||     1
  Eat: Chunk             |       |     6 |    16 ||    22
       Fruit             |       |     2 |       ||     2
       Meat ration       |       |       |     1 ||     1
Armor: Scale mail        |    38 |    78 |   115 ||   231
Dodge: Dodged            |    17 |    60 |    96 ||   173
Block: Shield            |    38 |    75 |   152 ||   265
